AoeStats
← Joaking

Black Forest

508340510Analyzed
4v4 RM · 10d ago on Sep 22, 2026· 54m 48s· 8 players
Game mode
Random Map
Map size
Large (8 player)
Population
200
Speed
Normal
Resources
Standard
Victory
Conquest
Starting age
Dark Age
Ending age
Imperial Age
RankedLock teamsTeams togetherTeam positionsShared explorationLock speedFull tech treeHidden civsTurbo modeCheats
Victory
Defeat
🇨🇴 Hindustanis · Colombia
1073
+17
🇺🇸 Khmer · United States
1068
+17
🇺🇸 Romans · United States
1066
+17
🇨🇱 Mongols · Chile
1056
+18
🇨🇱 Goths · Chile
1159
-20
🇨🇱 Turks · Chile
1110
-18
🇨🇱 Mongols · Chile
1063
-16
🇨🇱 Wei · Chile
1030
-15
Darth MBAG
4:16 Loom
10:50 Feudal Age
14:31 Castle Age
14:37 Bloodlines
14:52 Double-Bit Axe
18:52 Town Watch
19:44 Wheelbarrow
20:15 Forging
20:46 Scale Barding Armor
20:50 Horse Collar
21:04 Gold Mining
21:50 Husbandry
24:35 Town Patrol
24:53 Heavy Plow
25:08 Bow Saw
26:02 Iron Casting
27:59 Stone Mining
28:45 Gold Shaft Mining
28:37 Chain Barding Armor
28:35 Hand Cart
34:55 Imperial Age
32:51 Ballistics
32:55 Masonry
34:08 Murder Holes
38:58 Chemistry
38:04 Siege Engineers
38:38 Conscription
38:22 Double Crossbow
37:45 Elite Ballista Elephant
40:18 Blast Furnace
39:54 Plate Barding Armor
40:34 Stone Shaft Mining
40:05 Cavalier
41:24 Architecture
44:01 Hoardings
49:53 Light Cavalry
52:26 Hussar
CAS MBAG
10:26 Feudal Age
8:42 Loom
14:06 Castle Age
12:43 Double-Bit Axe
25:48 Ballistics
34:56 Imperial Age
42:39 Chemistry
48:47 Ballistas
52:49 Bow Saw
Joaking
8:46 Loom
15:22 Feudal Age
16:01 Double-Bit Axe
19:52 Castle Age
21:27 Wheelbarrow
22:12 Horse Collar
24:00 Bow Saw
26:19 Heavy Plow
32:55 Imperial Age
30:40 Hand Cart
30:11 Town Watch
31:19 Scale Barding Armor
31:25 Forging
31:06 Fletching
32:08 Ballistics
32:42 Chain Barding Armor
32:50 Husbandry
33:01 Bloodlines
34:46 Chemistry
34:15 Parthian Tactics
33:57 Thumb Ring
33:53 Bodkin Arrow
33:50 Elite Mangudai
35:54 Conscription
35:49 Bracer
35:50 Padded Archer Armor
35:56 Town Patrol
37:05 Drill
37:25 Leather Archer Armor
37:21 Forging
37:22 Siege Engineers
37:27 Masonry
37:21 Squires
36:55 Capped Ram
37:56 Siege Ram
39:58 Iron Casting
39:17 Gold Mining
39:17 Stone Mining
42:22 Caravan
42:54 Coinage
41:51 Onager
43:03 Light Cavalry
43:26 Siege Onager
46:20 Gold Shaft Mining
46:21 Stone Shaft Mining
48:50 Guard Tower
Oregonfail
0:53 Loom
12:01 Feudal Age
17:20 Castle Age
16:19 Horse Collar
16:32 Double-Bit Axe
29:49 Imperial Age
27:50 Heavy Plow
28:29 Bow Saw
29:44 Wheelbarrow
30:08 Scale Barding Armor
30:13 Forging
29:58 Gold Mining
29:58 Stone Mining
32:44 Chemistry
32:04 Ballistics
32:04 Hand Cart
33:15 Two-Man Saw
33:20 Padded Archer Armor
33:10 Fletching
32:48 Heavy Camel Rider
33:24 Elite Skirmisher
34:10 Thumb Ring
33:38 Light Cavalry
34:29 Bloodlines
34:19 Husbandry
35:55 Chain Barding Armor
35:53 Hussar
37:17 Iron Casting
38:51 Imperial Camel Rider
40:20 Thumb Ring
41:02 Plate Barding Armor
42:40 Blast Furnace
41:47 Caravan
42:13 Bodkin Arrow
42:34 Leather Archer Armor
45:32 Bracer
46:02 Ring Archer Armor
47:47 Coinage
Zhev
11:24 Feudal Age
12:29 Loom
16:45 Castle Age
15:15 Double-Bit Axe
15:57 Horse Collar
16:47 Gold Mining
23:18 Imperial Age
22:42 Bow Saw
26:11 Wheelbarrow
34:04 Two-Man Saw
33:09 Heavy Plow
34:04 Stone Mining
35:06 Hand Cart
39:31 Ballistics
40:04 Scale Barding Armor
40:10 Forging
42:25 Conscription
43:01 Iron Casting
44:22 Artillery
45:41 Blast Furnace
46:43 Bloodlines
48:29 Chain Barding Armor
48:04 Town Watch
48:24 Husbandry
Cobal
9:21 Loom
11:41 Feudal Age
12:39 Double-Bit Axe
17:44 Forging
23:56 Castle Age
27:46 Castle Age
36:11 Horse Collar
38:26 Bow Saw
40:18 Wheelbarrow
39:59 Heavy Plow
41:27 Bloodlines
41:20 Gold Mining
41:47 Stone Mining
42:23 Husbandry
43:08 Hand Cart
44:29 Gold Shaft Mining
45:04 Stone Shaft Mining
45:20 Town Watch
46:50 Iron Casting
46:20 Scale Barding Armor
46:29 Town Patrol
47:51 Fletching
48:02 Padded Archer Armor
47:45 Elite Skirmisher
49:04 Chain Barding Armor
[TVDT] Nameless
8:51 Loom
11:00 Feudal Age
15:25 Castle Age
18:04 Loom
18:57 Horse Collar
19:54 Double-Bit Axe
27:28 Scale Barding Armor
27:25 Scale Mail Armor
27:35 Forging
33:06 Wheelbarrow
32:53 Town Watch
37:43 Imperial Age
35:39 Anarchy
36:07 Chain Mail Armor
38:10 Gold Mining
38:11 Stone Mining
39:23 Hand Cart
40:17 Iron Casting
40:28 Elite Huskarl
43:03 Blast Furnace
42:14 Perfusion
Cuchorro
0:53 Loom
12:54 Feudal Age
17:25 Castle Age
15:37 Double-Bit Axe
15:37 Horse Collar
22:08 Wheelbarrow
22:22 Stone Mining
22:24 Gold Mining
22:54 Bow Saw
23:40 Stone Shaft Mining
23:55 Fletching
28:06 Hand Cart
28:59 Gold Shaft Mining
28:50 Bloodlines
28:42 Husbandry
29:30 Town Watch
33:24 Town Patrol
33:50 Heavy Plow
34:47 Scale Barding Armor
34:53 Forging
37:52 Imperial Age
36:50 Chain Barding Armor
37:02 Padded Archer Armor
38:02 Elite Mangudai
40:20 Conscription
40:23 Leather Archer Armor
41:40 Ballistics
42:21 Chemistry
Connection lost

Rejoining the realm…

Still unreachable

The connection could not be restored.

Session expired

The server has moved on; the page needs a fresh start.